 Dungeon Crawl Stone Soup version 0.28-a0-863-g8cecda6153 (webtiles) character file.

Game seed: 16282483303185191012

5 siradein the Grave Robber (level 1, 0/10 (13) HPs)
             Began as a Demonspawn Necromancer on Nov 16, 2021.
             Slain by a spectral hobgoblin (1 damage)
             ... on level 1 of the Dungeon.
             The game lasted 00:01:15 (277 turns).

siradein the Grave Robber (Demonspawn Necromancer)   Turns: 277, Time: 00:01:15

HP:   0/10 (13)     AC:  2    Str:  8    XL:     1   Next: 66%
MP:   3/3           EV: 12    Int: 16    God:
Gold: 10            SH:  0    Dex: 13    Spells: 3/4 levels left

rFire   . . .      SeeInvis .   (no weapon)
rCold   . . .      Faith    .   (no shield)
rNeg    . . .      Spirit   .   a - +0 robe
rPois   .          Reflect  .   (no helmet)
rElec   .          Harm     .   (no cloak)
rCorr   .          Rampage  .   (no gloves)
Will    .....                   (no boots)
Stlth   ++........              (no amulet)
HPRegen 0.03/turn               (no ring)
MPRegen 0.08/turn               (no ring)

@: heavily drained
A: no striking features
a: no special abilities


You were on level 1 of the Dungeon.
You visited 1 branch of the dungeon, and saw 1 of its levels.

You collected 10 gold pieces.

Inventory:

Armour
 a - a +0 robe (worn)
Scrolls
 b - a scroll of vulnerability {unknown}


   Skills:
 + Level 1.9 Dodging
 - Level 1.7 Stealth
 + Level 2.1 Spellcasting
 + Level 4.5 Necromancy


You had 3 spell levels left.
You knew the following spells:

 Your Spells              Type           Power      Damage    Failure   Level
a - Pain                  Necr           64%        1d7       3%          1

Your spell library contained the following spells:

 Spells                   Type           Power      Damage    Failure   Level
 Animate Skeleton         Necr           32%        N/A       3%          1
 Vampiric Draining        Necr           16%        2d7       10%         3
 Animate Dead             Necr           8%         N/A       32%         4
 Agony                    Necr           16%        N/A       65%         5


Dungeon Overview and Level Annotations

Branches:
Dungeon (1/15)

Altars:

Shops:
D:1 *


Message History

You hit the spectral hobgoblin.
The spectral hobgoblin is lightly damaged.
The spectral hobgoblin hits you.
You feel drained.
You hit the spectral hobgoblin but do no damage.
The spectral hobgoblin is lightly damaged.
The spectral hobgoblin misses you.
You barely miss the spectral hobgoblin.
The spectral hobgoblin is lightly damaged.
The spectral hobgoblin misses you.
You hit the spectral hobgoblin but do no damage.
The spectral hobgoblin is lightly damaged.
The spectral hobgoblin hits you but does no damage.
You hit the spectral hobgoblin but do no damage.
The spectral hobgoblin is lightly damaged.
The spectral hobgoblin hits you.
* * * LOW HITPOINT WARNING * * *
You feel drained.
You barely miss the spectral hobgoblin.
The spectral hobgoblin is lightly damaged.
The spectral hobgoblin barely misses you.
You hit the spectral hobgoblin but do no damage.
The spectral hobgoblin is lightly damaged.
The spectral hobgoblin misses you.
You hit the spectral hobgoblin.
The spectral hobgoblin is moderately damaged.
The spectral hobgoblin barely misses you.
You hit the spectral hobgoblin but do no damage.
The spectral hobgoblin is moderately damaged.
The spectral hobgoblin misses you.
You hit the spectral hobgoblin but do no damage.
The spectral hobgoblin is moderately damaged.
The spectral hobgoblin barely misses you.
You hit the spectral hobgoblin but do no damage.
The spectral hobgoblin is moderately damaged.
The spectral hobgoblin hits you.
* * * LOW HITPOINT WARNING * * *
You hit the spectral hobgoblin but do no damage.
The spectral hobgoblin is moderately damaged.
The spectral hobgoblin hits you.
You die...

# #.##.##.# #
#.#...#.# #
#$....... #
#........ #......#
#.#...##.
#.≈......≈≈#
#@Z≈#+++# .≈ ####
#†##≈..≈≈ #≈###...
###≈#.≈≈.≈≈≈#≈......
#≈..#≈.≈.≈≈≈#.≈≈#.#.
#≈###≈....≈.#≈≈≈#.#.
#.≈.≈≈.≈_≈..≈.≈≈#.#.
#.≈8≈≈##≈### #...#.
#≈#≈##≈≈≈..####..###
#≈≈.≈..≈..≈......#


You could see a spectral hobgoblin.

Vanquished Creatures
  An endoplasm (D:1)
  A hobgoblin (D:1)
  A ball python (D:1)
  A frilled lizard (D:1)
  A kobold (D:1)
  A rat (D:1)
6 creatures vanquished.

Notes
Turn   | Place    | Note
-------+----------+-------------------------------------------
     0 | D:1      | siradein the Demonspawn Necromancer began the quest for the
                  | Orb.
     0 | D:1      | Reached XP level 1. HP: 13/13 MP: 3/3
    33 | D:1      | Found Moik's Assorted Antiques.
   160 | D:1      | Found a faded altar of an unknown god.
   277 | D:1      | Slain by a spectral hobgoblin

Illustrated notes

Levels and vault maps discovered:
D:1:      scummos_arrival_hexagon, layout_loops_ring, serial_shops,
          nicolae_shop_behind_doors, dreamdust_ecumenical_altar_drowned_temple

Action                   || total
-------------------------++-------
Melee: Unarmed           ||    28
 Cast: Pain              ||     8
Armor: Robe              ||     2
Dodge: Dodged            ||    20

Table legend: (Time is in decaauts)
 A = Elapsed time spent in this place.
 B = Non-inter-level travel time spent in this place.
 C = Inter-level travel time spent in this place.
 D = Time resting spent in this place.
 E = Time spent auto-exploring this place.
 F = Levels seen in this place.
 G = Mean time per level.
                   A        B        C        D        E       F      G
               +--------+--------+--------+--------+--------+-----+--------+
         Total |    280 |    280 |      0 |      0 |    225 |   1 |  280.0 |
       Dungeon |    280 |    280 |      0 |      0 |    225 |   1 |  280.0 |
               +--------+--------+--------+--------+--------+-----+--------+

Top non-repeatable levels by time:
     D:1: 280 daAuts
